Map: 机械城 - 天梯版

Players

Demi

  • Race: Zerg Zerg
  • League: Diamond

SpeCial - Winner!

  • Race: Terran Terran

Event: WESG 2018 Grand Finals

VOD

Have the link to the VOD?

Description

Time

  • Played on: March 11, 2019, 6:13 a.m.
  • Length: 13:28

All games in this series

Show
View Real Time Build Order
Export as new Build Order

Demi Zerg 

Build Orders: Hatch First, Muta Ling Bane 

Get SALT Encoding   

  12  0:00  Drone  
  13  0:12  Overlord  
  13  0:18  Drone  
  14  0:30  Drone  
  14  0:31  Drone  
  16  0:49  Hatchery  
  15  0:52  Drone  
  15  0:56  Drone  
  17  1:00  Drone  
  18  1:10  Extractor  
  17  1:15  Spawning Pool  
  16  1:19  Drone  
  16  1:22  Drone  
  18  1:30  Drone  
  19  1:39  Drone  
  20  1:51  Drone  
  21  2:02  Queen x2  
  21  2:03  Zergling x4  
  27  2:18  Hatchery  
  26  2:23  Overlord  
  26  2:28  Drone  
  27  2:30  Drone  
  28  2:41  Metabolic Boost  
  28  2:48  Queen  
  28  2:49  Drone x2  
  32  2:56  Overlord  
  32  2:58  Drone  
  33  3:01  Drone  
  33  3:02  Drone  
  33  3:04  Drone  
  36  3:16  Drone x3  
  36  3:18  Overlord  
  39  3:23  Drone x2  
  41  3:27  Overlord  
  41  3:31  Queen  
  43  3:35  Drone x2  
  45  3:41  Drone x2  
  45  3:45  Queen  
  45  3:47  Zergling x2  
  50  3:53  Drone  
  51  3:56  Queen, Drone  
  51  3:59  Zergling x6  
  56  4:07  Zergling x4  
  56  4:09  Drone x4  
  60  4:17  Drone  
  60  4:18  Drone x2  
  60  4:21  Spore Crawler  
  62  4:27  Spore Crawler  
  62  4:28  Spore Crawler  
  62  4:29  Overlord  
  62  4:30  Overlord x2  
  60  4:39  Evolution Chamber  
  60  4:40  Evolution Chamber  
  58  4:46  Spore Crawler  
  58  4:48  Overlord  
  58  4:49  Drone x3  
  60  4:53  Drone x3  
  60  4:54  Drone x3  
  66  5:03  Drone x3  
  69  5:09  Spore Crawler  
  69  5:10  Zerg Ground Armor Level 1  
  69  5:11  Zerg Melee Weapons Level 1  
  69  5:13  Spore Crawler  
  66  5:15  Drone x3  
  66  5:16  Drone  
  66  5:17  Spore Crawler  
  66  5:18  Drone  
  66  5:21  Spore Crawler  
  71  5:24  Extractor  
  71  5:25  Spore Crawler, Extractor  
  71  5:26  Drone x3  
  74  5:31  Baneling Nest  
  74  5:32  Drone x5  
  74  5:33  Extractor  
  77  5:42  Extractor x2  
  75  5:44  Lair  
  75  5:50  Drone  
  75  5:52  Drone x8  
  75  5:56  Hatchery  
  83  6:00  Drone  
  83  6:02  Overlord x2  
  84  6:10  Zergling x6  
  84  6:11  Zergling x6  
  88  6:17  Overlord  
  88  6:18  Overlord  
  87  6:27  Zergling x4  
  78  6:40  Queen x2  
  78  6:43  Drone x9  
  78  6:45  Queen  
  78  6:46  Overseer  
  89  6:47  Centrifical Hooks  
  89  6:49  Spire  
  88  6:56  Zergling x6  
  88  7:01  Drone  
  92  7:04  Overlord  
  92  7:07  Overlord  
  92  7:08  Zerg Ground Armor Level 2  
  92  7:09  Zerg Melee Weapons Level 2, Hatchery  
  91  7:16  Drone  
  91  7:25  Zergling x10  
  95  7:39  Drone x2, Baneling  
  95  7:40  Baneling  
  95  7:41  Extractor  
  95  7:42  Extractor  
  95  7:49  Overlord, Queen  
  97  7:59  Drone x2  
  97  8:00  Drone x3  
  97  8:03  Mutalisk x9  
  97  8:04  Hydralisk Den  
  119  8:10  Baneling x4  
  119  8:11  Zergling x2, Baneling x3  
  119  8:12  Zergling x8  
  124  8:15  Zergling x2  
  124  8:16  Zergling x12  
  124  8:19  Overlord  
  108  8:44  Drone x2  
  106  8:58  Muscular Augments  
  106  9:00  Queen  
  106  9:01  Infestation Pit  
  107  9:03  Hydralisk x13  
  107  9:07  Hatchery  
  124  9:21  Hydralisk x6  
  132  9:28  Zerg Missile Weapons Level 1  
  132  9:37  Overlord x5  
  132  9:38  Drone x2  
  130  9:47  Drone  
  130  9:48  Drone x10  
  130  9:51  Hive  
  141  10:09  Grooved Spines  
  141  10:17  Drone x3  
  141  10:20  Zergling x2  
  141  10:21  Zergling x26  
  158  10:37  Overlord x2  
  158  10:39  Zergling x20  
  168  10:43  Hatchery  
  167  11:04  Baneling x3  
  167  11:05  Baneling x5  
  167  11:06  Viper x2  
  167  11:07  Viper x2  
  167  11:08  Hatchery  
  176  11:17  Zergling x2  
  176  11:18  Zergling x36  
  187  11:20  Pneumatized Carapace  
  187  11:21  Greater Spire  
  187  11:24  Baneling x10  
  187  11:25  Baneling x4  
  181  11:32  Adrenal Glands  
  181  11:35  Zergling x8  
  181  11:38  Overlord  
  181  11:39  Baneling  
  183  11:40  Baneling  
  180  12:02  Baneling  
  180  12:03  Baneling x17  
  180  12:09  Zergling x2  
  180  12:10  Zergling x22  
  176  12:23  Hydralisk x3  
  176  12:24  Zergling x2  
  119  12:38  Hydralisk  
  119  12:39  Hydralisk x5  
  113  12:52  Queen x2  
  113  12:54  Drone x3  
  116  12:59  Drone  
  116  13:00  Drone x2  
Show
View Real Time Build Order
Export as new Build Order

SpeCial Terran - Winner!

Build Orders: Mech, Banshee Rush 

Get SALT Encoding   

  12  0:00  SCV  
  13  0:12  SCV  
  14  0:18  Supply Depot  
  14  0:25  SCV  
  15  0:29  Refinery  
  15  0:39  SCV  
  16  0:46  Barracks  
  16  0:51  SCV  
  17  1:04  SCV  
  18  1:16  SCV  
  20  1:33  Reaper, Orbital Command  
  20  1:44  Command Center  
  20  1:55  Factory  
  20  2:00  SCV  
  21  2:07  Barracks Reactor  
  21  2:12  SCV  
  22  2:16  Supply Depot  
  22  2:20  Refinery  
  22  2:25  SCV  
  23  2:38  SCV  
  24  2:45  Starport  
  24  2:50  SCV  
  25  2:52  Hellion x2  
  25  2:56  Barracks Tech Lab  
  29  3:01  Orbital Command  
  29  3:03  SCV  
  30  3:13  Hellion  
  30  3:16  Hellion  
  34  3:22  SCV  
  35  3:28  SCV  
  35  3:30  Cloaking Field  
  35  3:34  Banshee, SCV  
  40  3:42  SCV  
  40  3:44  Factory Tech Lab  
  40  3:45  Marine x2  
  40  3:46  SCV  
  44  3:50  Supply Depot  
  44  3:55  SCV  
  45  3:58  SCV  
  46  4:06  Marine x2  
  46  4:07  SCV  
  44  4:13  Siege Tank  
  43  4:18  SCV  
  43  4:19  Banshee, SCV  
  43  4:22  Supply Depot  
  48  4:24  Marine x2  
  48  4:30  SCV  
  51  4:31  SCV  
  52  4:39  Command Center  
  52  4:45  SCV  
  53  4:47  Marine x2, Supply Depot  
  58  4:52  Siege Tank  
  58  4:55  SCV  
  58  4:57  SCV  
  60  5:08  SCV  
  60  5:11  SCV  
  60  5:12  Marine  
  60  5:13  Marine  
  64  5:17  Refinery x2  
  64  5:19  Banshee  
  64  5:20  SCV  
  68  5:25  SCV  
  69  5:32  SCV  
  70  5:40  Factory  
  70  5:41  Supply Depot  
  70  5:44  Factory  
  70  5:46  Supply Depot  
  70  5:48  Hellion x2, SCV  
  75  5:51  Orbital Command  
  75  5:52  SCV  
  76  6:00  SCV  
  77  6:04  Armory, SCV  
  77  6:06  Armory  
  77  6:09  Hellion x2  
  82  6:12  SCV  
  82  6:16  SCV  
  84  6:19  SCV  
  84  6:22  Starport Reactor  
  84  6:24  SCV  
  83  6:28  SCV  
  83  6:31  Hellion x2  
  88  6:39  SCV  
  72  6:51  Orbital Command  
  72  6:52  SCV x2  
  72  6:55  Hellion x2  
  72  6:56  Thor x2  
  72  7:00  Medivac x2  
  92  7:01  Supply Depot  
  92  7:02  Supply Depot  
  92  7:07  Terran Vehicle Weapons Level 1  
  92  7:09  SCV  
  92  7:10  SCV  
  94  7:17  Refinery, Terran Vehicle And Ship Armor Level 1  
  94  7:19  Hellion x2  
  94  7:20  Refinery  
  94  7:22  SCV x3  
  101  7:25  Supply Depot  
  101  7:27  Supply Depot  
  101  7:34  SCV x3  
  104  7:40  Hellion x2  
  104  7:41  Supply Depot  
  104  7:44  Siege Tank  
  111  7:46  SCV x3  
  111  7:47  Siege Tank  
  117  7:57  Viking  
  117  7:58  Engineering Bay, SCV x2, Viking  
  123  8:00  SCV  
  124  8:09  Factory x2  
  124  8:10  SCV x2  
  126  8:16  SCV  
  126  8:19  Hellion x2  
  131  8:21  Thor  
  137  8:28  SCV  
  137  8:33  SCV  
  125  8:37  Viking x2  
  125  8:39  SCV  
  128  8:43  Hellion, Thor  
  128  8:44  Hellion  
  130  8:52  Missile Turret  
  130  8:53  Missile Turret  
  130  8:54  Factory Tech Lab, Missile Turret  
  130  8:55  Factory Reactor  
  122  8:58  Missile Turret  
  122  9:03  Missile Turret  
  122  9:06  Viking  
  122  9:07  Viking  
  122  9:08  Thor  
  131  9:19  Terran Vehicle Weapons Level 2  
  130  9:27  Terran Vehicle And Ship Armor Level 2  
  130  9:29  SCV, Command Center  
  131  9:34  Supply Depot x2  
  133  9:38  Hellion  
  133  9:39  Hellion x4, Siege Tank  
  144  9:51  Siege Tank  
  144  9:52  Supply Depot x2  
  147  9:56  Supply Depot x2  
  147  10:04  Hellion x3  
  147  10:05  Hellion, Siege Tank  
  158  10:10  Hellion x11  
  158  10:11  Hellion, Siege Tank  
  158  10:12  SCV x3  
  164  10:18  Infernal Pre-Igniter  
  164  10:23  Siege Tank  
  164  10:24  SCV  
  164  10:27  Medivac  
  170  10:29  Sensor Tower  
  170  10:31  Hellion x3  
  170  10:32  Hellion  
  178  10:36  Liberator  
  178  10:38  Command Center  
  178  10:40  Liberator  
  178  10:56  Hellion x3, Siege Tank  
  178  10:57  Hellion  
  193  11:04  Siege Tank  
  196  11:11  Siege Tank  
  192  11:23  Planetary Fortress  
  192  11:25  Refinery x2  
  192  11:27  Command Center  
  192  11:39  Starport  
  192  11:40  Starport  
  192  11:43  Siege Tank  
  195  12:04  Hellion  
  195  12:05  Hellion  
  196  12:22  Siege Tank x2  
  194  12:30  Siege Tank  
  194  12:31  Hellion  
  148  12:37  Hellion  
  148  12:39  Hellion  
  148  12:41  Hellion  
  127  12:48  SCV x3  
  125  12:54  Siege Tank  
  127  12:58  Hellion  
  127  13:00  SCV x3  
  132  13:12  SCV x3  
  138  13:15  Starport Tech Lab, Starport Reactor  
  138  13:17  Barracks  
  138  13:18  Fusion Core  
Tags
 
Add a new tag
Caveats
  • Supply blocks, unpowered buildings, or Contaminate may cause inaccurate times.
  • Supply counts are checked every 10 seconds.